 Dungeon Crawl Stone Soup version 0.27-a0-1122-g2a214b436d (webtiles) character file.

Game seed: 892837240731168583

3310 Bapho the Grappler (level 9, -6/80 HPs)
             Began as a Troll Monk on May 3, 2021.
             Was a Priest of Wu Jian.
             Killed from afar by a deep elf pyromancer (22 damage)
             ... with a bolt of fire
             ... on level 7 of the Dungeon.
             The game lasted 00:12:00 (5232 turns).

Bapho the Grappler (Troll Monk)                     Turns: 5232, Time: 00:12:00

Health: -6/80      AC:  4    Str: 29    XL:     9   Next: 70%
Magic:  8/8        EV:  9    Int:  7    God:    Wu Jian [***...]
Gold:   321        SH: 10    Dex: 12    Spells: 8/8 levels left

rFire    . . .     SeeInvis .     - Unarmed
rCold    . . .     Faith    .   u - +0 kite shield
rNeg     . . .     Spirit   .   a - +0 robe
rPois    .         Reflect  .   (helmet restricted)
rElec    .         Harm     .   (no cloak)
rCorr    +         Rampage  .   (gloves unavailable)
Will     .....                  (boots unavailable)
Stlth    ++........             k - amulet of the acrobat
HPRegen  1.23/turn              j - ring of resist corrosion
MPRegen  0.11/turn              n - +6 ring of strength

@: no status effects
A: large, unfitting armour, claws 3, regeneration 1, shaggy fur 1, tough skin 1
a: Renounce Religion, Wall Jump, Serpent's Lash


You were on level 7 of the Dungeon.
You worshipped Wu Jian.
Wu Jian was most pleased with you.
You visited 2 branches of the dungeon, and saw 8 of its levels.

You collected 321 gold pieces.

Inventory:

Missiles
 e - 177 stones (quivered)
Armour
 a - a +0 robe (worn)
 u - a +0 kite shield (worn)
Jewellery
 j - a ring of resist corrosion (left claw)
 k - an amulet of the acrobat (around neck)
 n - a +6 ring of strength (right claw)
 p - an amulet of reflection
 t - a +4 ring of slaying
 v - an amulet of faith
 w - an amulet of regeneration
 C - a +6 ring of strength
 D - a ring of see invisible
Wands
 z - a wand of mindburst (13)
Scrolls
 c - 5 scrolls of teleportation {unknown}
 f - a scroll of blinking {unknown}
 g - 9 scrolls of identify {unknown}
 h - 9 scrolls of enchant armour {unknown}
 l - 2 scrolls of immolation {unknown}
 r - 2 scrolls of magic mapping {unknown}
 y - a scroll of noise {unknown}
 A - a scroll of fear {unknown}
 E - a scroll of enchant weapon {unknown}
 F - a scroll of acquirement {unknown}
Potions
 b - 2 potions of berserk rage {unknown}
 d - 2 potions of might {unknown}
 i - a potion of brilliance {unknown}
 m - 2 potions of attraction {unknown}
 o - a potion of haste {unknown}
 q - 5 potions of heal wounds {unknown}
 s - a potion of invisibility {unknown}
 x - 2 potions of degeneration {unknown}
 B - a potion of mutation {unknown}


   Skills:
 - Level 2.4 Fighting
 - Level 2.4 Dodging
 - Level 1.0 Stealth
 + Level 5.5 Shields
 * Level 12.1 Unarmed Combat


You had 8 spell levels left.
You didn't know any spells.
Your spell library contained the following spells:

 Spells                   Type           Power      Damage    Failure   Level
 Animate Skeleton         Necr           0%         N/A       69%         1
 Apportation              Tloc           0%         N/A       69%         1
 Corona                   Hex            0%         N/A       69%         1
 Magic Dart               Conj           0%         1d3       69%         1
 Summon Small Mammal      Summ           0%         N/A       69%         1
 Blink                    Tloc           N/A        N/A       83%         2
 Call Imp                 Summ           0%         N/A       83%         2
 Slow                     Hex            0%         N/A       83%         2
 Conjure Flame            Conj/Fire      0%         6-21      96%         3
 Mephitic Cloud           Conj/Pois/Air  0%         N/A       96%         3


Dungeon Overview and Level Annotations

Branches:
Dungeon (7/15)             Temple (1/1) D:4

Altars:
Ashenzari
Dithmenos
Elyvilon
Gozag
Makhleb
Nemelex Xobeh
Qazlal
Ru
Sif Muna
Trog
Vehumet
Wu Jian
Xom
Yredelemnul
Zin
The Shining One

Shops:
D:5 !


Innate Abilities, Weirdness & Mutations

You are too large for most types of armour.
You have claws for hands.
Your natural rate of healing is unusually fast.
You are covered in fur. (AC +1)
You have tough skin. (AC +1)


Message History

You block the fire elemental's attack.
You miss the deep elf pyromancer. The fire elemental hits you.
The fire elemental burns you!
The deep elf pyromancer mumbles some strange words.
You scratch the deep elf pyromancer.
The deep elf pyromancer is lightly wounded.
The fire elemental barely misses you.
The deep elf pyromancer hits you with a +0 long sword.
The fire elemental hits you. The fire elemental burns you!
You mangle the deep elf pyromancer!!
The deep elf pyromancer is severely wounded.
You hear an angry buzzing noise.
You hear a shout!
A killer bee comes into view.
You block the fire elemental's attack. x3
You hear an angry buzzing noise.
You scratch the deep elf pyromancer.
The deep elf pyromancer is almost dead.
The deep elf pyromancer casts a spell at you.
The sticky flame hits you!
You are covered in liquid flames!
The fire elemental barely misses you.
An orc warrior comes into view. It is wielding a +0 halberd.
The fire elemental hits you. The fire elemental burns you!
The fire elemental completely misses you.
You hear a horrible gurgling sound!
You spin and attack the fire elemental.
You claw the fire elemental!
The fire elemental is moderately damaged.
You are covered in liquid flames!
The fire elemental hits you. The fire elemental burns you!
The fire elemental hits you. The fire elemental burns you!
* * * LOW HITPOINT WARNING * * *
You are too exhausted to lash out.
You spin and attack the fire elemental.
You closely miss the fire elemental.
The fire elemental is moderately damaged.
You feel less exhausted. The fire elemental closely misses you.
The deep elf pyromancer gestures at you while chanting.
The bolt of fire misses the fire elemental.
The bolt of fire hits you!!
You die...

#.....##"...
#.#.###.#...#
#.#.....###.# #
##......#.#
##.......#
#####.#####
#.........# #
#.#######.#
#.#......#.@#
#.#.)#####.E###o##..
#.....#...Eey)...8..
#.#...###.°E###..##.
#.#.....#...# # #
##...##..##
#...#...# ####.####
#..............


You could see a deep elf pyromancer, 3 fire elementals and a killer bee.

Vanquished Creatures
  A wizard (D:7)
  A deep elf pyromancer (D:7)
  An orc sorcerer (D:7)
  A gargoyle (D:7)
  Sigmund (D:3)
  Eustachio (D:5)
  A water moccasin (D:5)
  An orc warrior (D:6)
  Purgy (D:3)
  A sky beast (D:5)
  An ogre (D:6)
  A centaur (D:6)
  A bullfrog (D:6)
  3 scorpions
  A bullfrog zombie (D:6)
  2 hounds (D:5)
  A centaur skeleton (D:5)
  2 jellies
  4 orc priests
  A bullfrog skeleton (D:5)
  2 iguanas
  Robin (D:3)
  7 gnolls (D:4)
  A howler monkey skeleton (D:6)
  7 adders
  An adder skeleton (D:4)
  A dart slug (D:3)
  10 orcs
  2 bats
  6 endoplasms
  4 giant cockroaches
  12 goblins
  11 hobgoblins
  9 jackals
  3 kobolds
  3 quokkas
  5 ball pythons
  4 frilled lizards
  5 rats
121 creatures vanquished.

Notes
Turn   | Place    | Note
-------+----------+-------------------------------------------
     0 | D:1      | Bapho the Troll Monk began the quest for the Orb.
     0 | D:1      | Reached XP level 1. HP: 22/22 MP: 0/0
   187 | D:1      | Reached XP level 2. HP: 29/29 MP: 1/1
   303 | D:1      | Found a faded altar of an unknown god.
   613 | D:1      | Reached skill level 4 in Unarmed Combat
   770 | D:1      | Became a worshipper of the Wu Jian Council
   770 | D:1      | Reached * piety under Wu Jian
   770 | D:1      | Reached ** piety under Wu Jian
   818 | D:2      | Reached XP level 3. HP: 31/36 MP: 2/2
   917 | D:2      | Reached *** piety under Wu Jian
  1479 | D:3      | Reached XP level 4. HP: 44/44 MP: 3/3
  1495 | D:3      | Noticed Sigmund
  1499 | D:3      | Killed Sigmund
  1500 | D:3      | Reached skill level 6 in Unarmed Combat
  1500 | D:3      | Reached XP level 5. HP: 50/50 MP: 4/4
  1642 | D:3      | Noticed Robin
  1647 | D:3      | Killed Robin
  1650 | D:3      | Reached XP level 6. HP: 59/59 MP: 5/5
  1858 | D:3      | Noticed Purgy
  1864 | D:3      | Killed Purgy
  1865 | D:3      | Reached skill level 7 in Unarmed Combat
  2227 | D:4      | Reached **** piety under Wu Jian
  2609 | D:4      | Reached skill level 8 in Unarmed Combat
  2609 | D:4      | Reached XP level 7. HP: 66/66 MP: 6/6
  2613 | D:4      | Found a staircase to the Ecumenical Temple.
  2624 | Temple   | Entered the Ecumenical Temple
  2896 | D:5      | Entered Level 5 of the Dungeon
  2904 | D:5      | Found Xoffuib's Distillery.
  2944 | D:5      | Found an opulent altar of Gozag.
  2946 | D:5      | Found a radiant altar of Vehumet.
  3056 | D:5      | Reached skill level 1 in Shields
  3458 | D:5      | Reached skill level 9 in Unarmed Combat
  3616 | D:5      | Noticed Eustachio
  3618 | D:5      | Killed Eustachio
  3618 | D:5      | Reached XP level 8. HP: 74/74 MP: 7/7
  4022 | D:6      | Reached skill level 10 in Unarmed Combat
  4448 | D:6      | Found a shimmering blue altar of Sif Muna.
  5047 | D:7      | Noticed an orc sorcerer
  5047 | D:7      | Noticed a wizard
  5050 | D:7      | Noticed a deep elf pyromancer
  5052 | D:7      | Killed an orc sorcerer
  5053 | D:7      | Reached XP level 9. HP: 80/80 MP: 8/8
  5080 | D:7      | Killed a wizard
  5081 | D:7      | Reached skill level 11 in Unarmed Combat
  5102 | D:7      | Killed a deep elf pyromancer
  5103 | D:7      | Reached skill level 5 in Shields
  5214 | D:7      | Noticed a gargoyle
  5216 | D:7      | Killed a gargoyle
  5216 | D:7      | Reached skill level 12 in Unarmed Combat
  5216 | D:7      | Noticed a deep elf pyromancer
  5232 | D:7      | Killed from afar by a deep elf pyromancer

Illustrated notes

Levels and vault maps discovered:
D:1:      saegor_arrival_simple_d, layout_loops_ring,
          shapermc_ecumenical_altar_mp_highgroup
D:2:      layout_basic
D:3:      layout_loops_ring, kennysheep_decorative_pillar, uniq_robin,
          uniq_purgy, uniq_sigmund
D:4:      layout_basic, minmay_temple_entry_proselytizer
D:5:      layout_basic, jmf_multi_god_temple, serial_shops, shop,
          chequers_arboretum, chequers_serial_rivers_large_a, uniq_eustachio
D:6:      layout_layer_cave, nicolae_overflow_crystal_walls
D:7:      minmay_evil_eye, layout_loops_ring, kennysheep_little_box,
          grunt_ministairs_5, minmay_the_grid_2x2 [minmay_the_grid_large_cup,
          minmay_the_grid_tri_star, minmay_the_grid_zigzag_pyramid,
          minmay_the_grid_prize_trominoes]
Temple:   nicolae_temple_god_jail

Skill      XL: |  1  2  3  4  5  6  7  8  9 |
---------------+----------------------------+-----
Unarmed Combat | 4 6 8 9 10 12 | 12.1
Shields        | 2 4 5 |  5.5
Fighting       | |  2.4
Dodging        | |  2.4
Stealth        | |  1.0

Action                   |  1- 3 |  4- 6 |  7- 9 || total
-------------------------+-------+-------+-------++-------
Melee: Unarmed           |    83 |    94 |   121 ||   298
       Punch             |     1 |     5 |       ||     6
Throw: Stone             |    57 |    86 |    44 ||   187
Invok: Lunge             |     6 |    12 |    12 ||    30
       Whirlwind         |     2 |    19 |    17 ||    38
       Serpent's Lash    |       |     3 |     8 ||    11
 Abil: Wall Jump         |       |     1 |     1 ||     2
 Stab: Sleeping          |     5 |     1 |     2 ||     8
Armor: Robe              |    16 |    13 |    19 ||    48
Dodge: Dodged            |    25 |    24 |    22 ||    71
Block: Kite shield       |       |       |    33 ||    33

Table legend: (Time is in decaauts)
 A = Elapsed time spent in this place.
 B = Non-inter-level travel time spent in this place.
 C = Inter-level travel time spent in this place.
 D = Time resting spent in this place.
 E = Time spent auto-exploring this place.
 F = Levels seen in this place.
 G = Mean time per level.
                   A        B        C        D        E       F      G
               +--------+--------+--------+--------+--------+-----+--------+
         Total |   5257 |   4967 |    290 |     27 |   4117 |   8 |  657.1 |
       Dungeon |   5203 |   4927 |    276 |     27 |   4078 |   7 |  743.3 |
        Temple |     53 |     39 |     14 |      0 |     39 |   1 |   53.0 |
               +--------+--------+--------+--------+--------+-----+--------+

Top non-repeatable levels by time:
     D:6: 1142 daAuts
     D:5: 1013 daAuts
     D:1: 793 daAuts
     D:4: 725 daAuts
     D:3: 664 daAuts
     D:2: 661 daAuts
     D:7: 203 daAuts
  Temple: 53 daAuts
